AoeStats
← feely

Black Forest

508603119Analyzed
4v4 RM · 9d ago on Sep 23, 2026· 30m 45s· 8 players
Game mode
Random Map
Map size
Large (8 player)
Population
200
Speed
Normal
Resources
Standard
Victory
Conquest
Starting age
Dark Age
Ending age
Imperial Age
RankedLock teamsTeams togetherTeam positionsShared explorationLock speedFull tech treeHidden civsTurbo modeCheats
Victory
Defeat
🇨🇳 Britons · China
1454
+13
🇨🇳 Varangians · China
1452
+13
🇲🇽 Turks · Mexico
1379
+16
🇨🇳 Saracens · China
1338
+18
🇹🇼 Burgundians · Taiwan
1426
-17
🇮🇳 Persians · India
1404
-16
🇨🇳 Danes · China
1351
-14
🇨🇳 Mongols · China
1337
-13
Tee
4:20 Loom
13:52 Feudal Age
15:40 Horse Collar
15:47 Double-Bit Axe
18:51 Castle Age
17:36 Wheelbarrow
19:33 Heavy Plow
19:44 Bow Saw
26:41 Husbandry
26:56 Scale Barding Armor
28:18 Chain Barding Armor
28:08 Forging
28:57 Bloodlines
牛比无极限
0:47 Loom
10:19 Feudal Age
15:40 Castle Age
13:57 Double-Bit Axe
13:54 Horse Collar
22:49 Ballistics
23:35 Fletching
feely
0:27 Loom
7:25 Double-Bit Axe
13:10 Feudal Age
14:20 Bow Saw
14:26 Town Watch
19:16 Castle Age
18:17 Stone Mining
18:56 Horse Collar
24:35 Fortified Wall
JustShutUpandCarryMe
5:28 Loom
11:21 Feudal Age
15:20 Castle Age
13:31 Double-Bit Axe
14:43 Horse Collar
16:32 Bow Saw
18:23 Heavy Plow
20:41 Wheelbarrow
20:57 Stone Mining
21:16 Gold Mining
28:09 Hand Cart
27:39 Town Watch
31:30 Imperial Age
30:33 Forging
30:23 Scale Mail Armor
帝国吕布
9:24 Loom
11:47 Feudal Age
13:51 Double-Bit Axe
16:24 Castle Age
14:47 Gold Mining
16:02 Fletching
17:00 Horse Collar
19:32 Bow Saw
20:27 Heavy Plow
20:32 Town Watch
21:11 Bodkin Arrow
21:41 Crossbowman
24:19 Wheelbarrow
25:55 Padded Archer Armor
26:58 Ballistics
27:17 Leather Archer Armor
33:45 Imperial Age
31:32 Hand Cart
CMD_Black_Legion
11:46 Feudal Age
15:37 Castle Age
21:09 Imperial Age
19:06 Double-Bit Axe
19:35 Gold Mining
22:21 Bow Saw
24:31 Wheelbarrow
Prigozhin
1:03 Loom
11:43 Feudal Age
12:26 Double-Bit Axe
15:18 Castle Age
14:28 Horse Collar
14:40 Gold Mining
16:32 Bow Saw
18:07 Fletching
20:09 Bodkin Arrow
21:08 Padded Archer Armor
23:53 Leather Archer Armor
27:00 Wheelbarrow
29:06 Ballistics
30:05 Stone Mining
i'm a pupil
10:32 Feudal Age
12:06 Fishing Lines
12:51 Double-Bit Axe
13:08 Loom
21:01 Castle Age
19:44 Gold Mining
20:56 Scale Mail Armor
21:07 Forging
21:56 Bow Saw
21:37 Gillnets
22:01 Squires
22:51 Wheelbarrow
24:08 Hand Cart
26:35 Chain Mail Armor
26:06 Arson
26:07 Gambesons
27:03 Horse Collar
31:19 Imperial Age
29:53 Heavy Plow
29:45 Stone Mining
31:18 Stone Shaft Mining
Connection lost

Rejoining the realm…

Still unreachable

The connection could not be restored.

Session expired

The server has moved on; the page needs a fresh start.